Map: Abiogênese LE

Players

IagoAbreu - Winner!

  • Race: Terran Terran
  • League: Silver
  • Spawn Location: 5:00

TBAG

  • Race: Zerg Zerg
  • League: Silver
  • Spawn Location: 11:00

VOD

Have the link to the VOD?

Description

Time

  • Played on: March 8, 2018, 7:44 a.m.
  • Length: 20:16
Show
View Real Time Build Order
Export as new Build Order

IagoAbreu Terran - Winner!

Build Orders:  

Get SALT Encoding   

  12  0:10  Supply Depot  
  12  0:13  SCV  
  13  0:22  Supply Depot  
  13  0:28  SCV  
  14  0:40  SCV  
  15  0:49  Barracks  
  15  0:52  SCV  
  16  0:57  Refinery  
  16  1:09  Engineering Bay  
  17  1:11  SCV  
  17  1:26  SCV  
  18  1:39  Bunker  
  18  1:47  Bunker  
  18  1:52  Barracks Reactor  
  18  1:54  Supply Depot  
  18  2:01  Orbital Command  
  18  2:19  Supply Depot  
  18  2:25  Terran Infantry Weapons Level 1  
  18  2:30  Refinery  
  18  2:33  SCV  
  19  2:37  Marine  
  19  2:39  Marine  
  21  2:45  SCV  
  22  2:55  Marine  
  22  2:57  Marine  
  22  3:12  Marine  
  22  3:15  Marine, Bunker  
  22  3:16  Bunker  
  24  3:26  SCV  
  24  3:30  Marine  
  24  3:33  Marine  
  26  3:44  SCV  
  27  3:56  Sensor Tower  
  27  4:08  Command Center  
  27  4:16  Marine x2  
  29  4:25  Factory  
  29  4:33  Marine  
  29  4:34  Marine  
  29  4:38  Bunker  
  31  4:39  Terran Infantry Armor Level 1  
  31  4:44  Barracks  
  31  4:51  Marine x2  
  27  5:29  Barracks Tech Lab  
  27  5:30  Supply Depot  
  27  5:36  Command Center  
  27  5:38  SCV  
  28  5:47  Widow Mine  
  30  5:50  SCV  
  30  5:52  Widow Mine  
  33  5:57  Supply Depot  
  33  6:00  Supply Depot  
  33  6:04  SCV  
  33  6:08  Widow Mine  
  36  6:13  Widow Mine  
  36  6:17  Barracks Reactor  
  38  6:19  Combat Shields  
  38  7:07  Starport  
  38  7:12  Orbital Command  
  38  7:30  Armory  
  38  7:31  Hellion x2  
  42  7:52  Hellion x2  
  42  7:53  Starport Reactor  
  42  7:58  Marauder  
  48  8:00  Marine x2  
  50  8:07  Hi-Sec Auto Tracking  
  50  8:18  Marine x2  
  50  8:19  Marauder  
  54  8:21  Missile Turret  
  54  8:24  Missile Turret  
  54  8:27  Widow Mine x2  
  58  8:36  Marine x2  
  58  8:40  Medivac x2, Marauder  
  66  8:49  Widow Mine x2  
  66  8:53  Marine  
  66  8:54  Marine  
  72  9:02  Marauder  
  74  9:03  Ghost Academy  
  74  9:14  Supply Depot  
  74  9:23  Marauder  
  76  9:36  Supply Depot  
  48  10:06  Liberator x2, Orbital Command  
  48  10:12  Marine  
  48  10:13  Marine  
  50  10:20  Widow Mine  
  50  10:21  Widow Mine  
  54  10:26  Ghost  
  62  10:30  Marine x2  
  62  10:32  Nuke  
  64  10:42  Widow Mine x2  
  68  10:48  Marine x2  
  70  10:54  Ghost  
  72  11:03  Widow Mine x2  
  76  11:05  Sensor Tower  
  76  11:06  Marine x2  
  78  11:24  Widow Mine  
  78  11:25  Widow Mine  
  69  12:16  Liberator x2  
  69  12:31  Marine x2  
  77  12:40  Hellion x2  
  77  12:42  Ghost  
  83  12:44  Personal Cloaking  
  83  12:49  Marine x2  
  86  13:06  Hellion x2  
  86  13:10  Marine x2  
  85  13:12  Liberator x2  
  85  13:28  Marine  
  85  13:29  Marine  
  93  13:37  Refinery  
  93  13:42  Refinery  
  93  13:46  Supply Depot  
  93  13:48  Supply Depot  
  93  13:55  SCV  
  94  14:07  SCV  
  95  14:19  SCV  
  80  14:50  Marine x2  
  82  15:08  Marine x2  
  84  15:25  Marine x2  
  85  15:32  Liberator  
  85  15:33  Liberator  
  85  15:43  Marine x2  
  87  15:52  Marauder  
  87  15:55  Hellion x2  
  99  16:01  Marine x2  
  101  16:13  Marauder  
  101  16:17  Hellion x2  
  107  16:19  Marine x2  
  109  16:35  Marauder  
  109  16:37  Marine x2  
  113  16:44  Liberator  
  113  16:59  Nuke  
  115  17:06  Liberator  
  118  17:08  Marine x2  
  116  17:26  Marine x2  
  116  17:44  Marine x2  
  116  17:51  Liberator x2  
  118  17:54  Siege Tank  
  121  18:02  Marine x4  
  131  18:20  Marine x3  
  134  18:39  Supply Depot x2  
  134  18:41  Supply Depot x2  
  134  18:45  Marine x2  
  134  19:00  Marine x2, Siege Tank  
  139  19:02  Supply Depot  
  139  19:03  Marine x2, Supply Depot  
  139  19:05  Supply Depot  
  139  19:08  Supply Depot  
  137  19:18  Marine x2  
  137  19:21  Marine  
Show
View Real Time Build Order
Export as new Build Order

TBAG Zerg 

Build Orders: Pool First 

Get SALT Encoding   

  12  0:06  Drone  
  13  0:09  Drone  
  14  0:17  Overlord  
  14  0:37  Spawning Pool  
  14  0:42  Drone  
  14  0:43  Drone  
  14  0:49  Drone  
  16  0:55  Extractor  
  15  0:57  Drone  
  16  1:06  Extractor  
  16  1:08  Drone  
  16  1:15  Drone  
  17  1:37  Overlord  
  17  1:39  Zergling x2  
  18  1:52  Zergling x2  
  19  2:02  Hatchery  
  19  2:04  Queen  
  20  2:11  Zergling x2  
  21  2:29  Zergling x4  
  23  2:31  Zergling x2  
  24  2:40  Evolution Chamber  
  23  2:52  Zergling x4  
  25  3:11  Zergling x2  
  26  3:17  Zergling x4  
  28  3:24  Zergling x2  
  29  3:28  Metabolic Boost  
  29  3:40  Drone  
  30  3:41  Drone  
  32  3:48  Drone  
  33  4:02  Drone  
  33  4:05  Drone  
  33  4:06  Drone  
  35  4:15  Zerg Melee Weapons Level 1  
  35  4:27  Drone  
  35  4:28  Overlord  
  34  5:07  Zergling x8  
  34  5:08  Zergling x4  
  41  5:14  Drone  
  41  5:17  Drone x2  
  43  5:23  Lair  
  43  5:35  Spine Crawler  
  42  5:40  Zergling x2  
  42  5:41  Overlord  
  43  5:59  Hatchery  
  43  6:03  Drone  
  43  6:04  Drone  
  44  6:10  Zerg Ground Armor Level 1  
  44  6:24  Zergling x6  
  44  6:25  Zergling x2  
  48  6:28  Overseer  
  31  6:54  Zergling x6  
  31  6:55  Zergling x10  
  31  6:56  Zergling x2  
  40  7:02  Baneling Nest  
  39  7:11  Drone x2  
  39  7:13  Drone  
  42  7:36  Hydralisk Den  
  41  7:38  Zergling x2  
  41  7:39  Zergling x12  
  48  7:46  Centrifical Hooks  
  48  7:55  Baneling x4  
  48  7:56  Baneling x4  
  48  7:59  Zergling x2  
  48  8:03  Zerg Melee Weapons Level 2  
  48  8:04  Drone  
  48  8:05  Drone  
  51  8:07  Drone  
  51  8:09  Drone  
  53  8:18  Drone  
  54  8:26  Hydralisk  
  54  8:27  Hydralisk  
  54  8:29  Overlord  
  54  8:33  Baneling x5  
  58  8:34  Baneling  
  58  8:40  Baneling x5  
  58  8:41  Baneling  
  58  8:42  Baneling  
  58  8:43  Baneling  
  58  8:44  Baneling  
  58  8:45  Baneling  
  58  8:46  Baneling  
  58  8:48  Baneling  
  58  8:49  Baneling x2  
  58  9:05  Grooved Spines  
  58  9:07  Hydralisk  
  58  9:09  Drone x3  
  63  9:10  Drone  
  64  9:21  Hydralisk  
  64  9:24  Lurker Den  
  65  9:30  Baneling x3  
  65  9:31  Baneling x2  
  44  9:59  Hydralisk x2  
  40  10:00  Hydralisk x4  
  40  10:01  Hydralisk  
  54  10:12  Extractor  
  54  10:14  Drone x2  
  55  10:15  Extractor  
  55  10:16  Muscular Augments  
  55  10:19  Zerg Missile Weapons Level 1  
  54  10:31  Extractor  
  54  10:34  Hydralisk x2, Extractor  
  56  10:49  Drone x4  
  61  10:50  Drone x4  
  61  10:52  Hatchery  
  61  10:54  Hatchery  
  62  11:16  Zergling x8  
  66  11:33  Overlord  
  66  11:34  Overlord x4  
  66  11:35  Overlord  
  52  12:12  Drone x2  
  52  12:13  Drone x7  
  52  12:14  Drone x2  
  63  12:16  Drone  
  63  12:18  Drone  
  65  12:26  Zergling x4, Hydralisk  
  65  12:28  Zergling x2, Hydralisk  
  72  12:41  Zergling x2, Hydralisk x2  
  72  12:42  Zergling x4  
  79  12:49  Zergling x2, Hydralisk x2  
  79  12:50  Zergling x4  
  86  13:00  Spire  
  84  13:08  Zergling x4, Hydralisk x4  
  84  13:09  Zergling x6  
  84  13:10  Hydralisk  
  84  13:11  Hydralisk  
  101  13:24  Spore Crawler  
  100  13:30  Zergling x4, Hydralisk x4  
  100  13:31  Zergling x6, Spine Crawler  
  112  13:40  Hydralisk x4  
  120  13:43  Hydralisk  
  120  13:47  Baneling x5  
  122  13:48  Baneling  
  122  13:49  Baneling  
  122  13:50  Baneling x2  
  122  13:58  Extractor  
  122  14:01  Extractor  
  120  14:06  Hydralisk x2  
  120  14:07  Zergling x4  
  126  14:12  Overlord x2  
  126  14:16  Overlord x3  
  115  14:38  Mutalisk x3  
  106  14:39  Mutalisk x5  
  122  15:03  Spore Crawler  
  121  15:12  Mutalisk x2, Hydralisk  
  121  15:13  Mutalisk, Infestation Pit, Hydralisk x2  
  132  15:15  Zergling x6  
  83  15:21  Overlord  
  83  15:22  Overlord x3  
  61  15:30  Mutalisk  
  59  15:43  Mutalisk  
  59  16:13  Mutalisk, Spine Crawler  
  59  16:14  Mutalisk, Spine Crawler  
  59  16:16  Spine Crawler  
  59  16:17  Corruptor  
  62  16:34  Hatchery  
  61  16:48  Mutalisk  
  61  16:49  Mutalisk x2  
  61  16:52  Zergling x2, Hydralisk  
  61  16:53  Zergling x10, Hatchery  
  61  16:54  Zergling x2  
  75  17:00  Overlord  
  75  17:01  Overlord  
  75  17:04  Mutalisk  
  75  17:06  Baneling  
  77  17:10  Baneling  
  77  17:14  Mutalisk  
  50  17:32  Mutalisk x2  
  50  17:33  Zergling x8  
  50  17:34  Zergling x2  
  54  17:39  Mutalisk  
  54  17:42  Zergling x2  
  57  17:44  Zergling x2  
  57  17:48  Drone  
  59  17:54  Drone x3  
  59  17:57  Zergling x2  
  63  18:04  Mutalisk  
  58  18:06  Mutalisk  
  60  18:17  Drone  
  60  18:18  Drone  
  62  18:32  Drone x3  
  62  18:34  Drone x5  
  54  18:50  Mutalisk  
  54  18:51  Mutalisk x2  
  57  19:00  Zergling x6  
  49  19:06  Mutalisk  
  49  19:07  Zergling x2  
  49  19:08  Zergling x2  
  53  19:10  Zergling x2  
  52  19:20  Zergling x4  
  52  19:21  Zergling x6  
  52  19:24  Zergling x2  
  52  19:26  Zergling x2  
  52  19:28  Zergling x2  
  52  19:30  Zergling x2  
  44  19:34  Zergling x2  
  31  19:40  Zergling x2  
  32  19:46  Zergling x2  
  32  19:49  Zergling x2  
  34  19:58  Zergling x2  
Tags
 
Add a new tag
Caveats
  • Supply blocks, unpowered buildings, or Contaminate may cause inaccurate times.
  • Supply counts are checked every 10 seconds.